 Dungeon Crawl Stone Soup version 0.31-a0-845-g9abc20d24f (webtiles) character file.

Game seed: 14929574128280937145

24112 Maratek the Carver (level 12, -3/97 HPs)
             Began as a Demonspawn Fighter on Oct 2, 2023.
             Was the Champion of Okawaru.
             Slain by a skyshark (11 damage)
             ... on level 4 of the Lair of Beasts.
             The game lasted 00:28:43 (12711 turns).

Maratek the Carver (Demonspawn Fighter)            Turns: 12711, Time: 00:28:45

Health: -3/97      AC: 32    Str: 26    XL:     12   Next: 77%
Magic:  0/12       EV:  8    Int:  6    God:    Okawaru [******]
Gold:   594        SH:  0    Dex: 13    Spells: 11/11 levels left

rFire   + + +        c - +5 long sword "Grim Tooth" {venom, rPois rF+ Str+3 Int-5}
rCold   . . .        (no shield)
rNeg    . . .        h - +9 plate armour of the Fiddle {rF+ rC- Will+ Regen+}
rPois   +            F - +0 helmet
rElec   .            A - scarf {rC+ rF+}
rCorr   .            f - +2 pair of gloves {Str+3}
SInv    .            n - +0 pair of boots
Will    +....        (no amulet) Stlth
                     k - ring of poison resistance
HPRegen 1.16/turn    j - ring of flight
MPRegen 0.26/turn

%: guardian spirit
@: lethally poisoned (-3 -> -7), flying
A: powered by death 1, magic shield, magic regeneration, magic link, sharp
scales 2, demonic touch 1
a: Renounce Religion, Heroism, Finesse, Duel


You were on level 4 of the Lair of Beasts.
You worshipped Okawaru.
Okawaru was exalted by your worship.
You visited 2 branches of the dungeon, and saw 15 of its levels.

You collected 866 gold pieces.
You spent 272 gold pieces at shops.

Inventory:

Hand Weapons
 c - the +5 long sword "Grim Tooth" (weapon) {venom, rPois rF+ Str+3 Int-5}
   (You bought it in a shop on level 6 of the Dungeon)

   Str+3:     It affects your strength (+3).
   Int-5:     It affects your intelligence (-5).
   rF+:       It protects you from fire.
   rPois:     It protects you from poison
 l - the +8 dagger of Roiggyroi {flame, rN+}
   (You found it on level 2 of the Dungeon)

   rN+:       It protects you from negative energy.
 G - the +7 scimitar "Pomekyim" {freeze, rF++ rC+ rN+}
   (Okawaru gifted it to you on level 11 of the Dungeon)

   rF++:      It greatly protects you from fire.
   rC+:       It protects you from cold.
   rN+:       It protects you from negative energy.
Missiles
 u - 3 atropa-tipped darts
 C - a throwing net
 J - a silver javelin (quivered)
Armour
 f - a +2 pair of gloves of strength (worn)
 h - the +9 plate armour of the Fiddle (worn) {rF+ rC- Will+ Regen+}
   (You found it on level 6 of the Dungeon)

   rF+:       It protects you from fire.
   rC-:       It makes you vulnerable to cold.
   Will+:     It increases your willpower.
   Regen+:    It increases your rate of health regeneration.
 n - a +0 pair of boots (worn)
 A - a scarf of resistance (worn)
 F - a +0 helmet (worn)
Jewellery
 j - a ring of flight (right hand)
 k - a ring of poison resistance (left hand)
Wands
 a - a wand of paralysis (9)
 m - a wand of flame (11)
 o - a wand of mindburst (2)
 s - a wand of digging (4)
 v - a wand of quicksilver (13)
 K - a wand of iceblast (13)
Scrolls
 i - 4 scrolls of teleportation
 y - a scroll of vulnerability
 z - 2 scrolls of poison
 B - a scroll of enchant weapon
 I - a scroll of immolation
 L - a scroll of identify
Potions
 b - 2 potions of invisibility
 d - 2 potions of might
 e - a potion of brilliance
 g - 3 potions of heal wounds
 p - 5 potions of curing
 q - a potion of magic
 r - 2 potions of attraction
 t - 2 potions of enlightenment
 w - a potion of cancellation
 D - 3 potions of mutation
 E - a potion of haste


   Skills:
 + Level 10.0 Fighting
 + Level 6.0(9.3) Short Blades
 + Level 11.0(11.7) Long Blades
 + Level 3.9 Axes
 + Level 3.3 Throwing
 + Level 10.5 Armour
 + Level 2.9 Dodging
 + Level 1.4 Stealth
 + Level 5.8 Shields
 + Level 0.2 Invocations
 + Level 1.5 Evocations


You had 11 spell levels left.
You didn't know any spells.
Your spell library contained the following spells:

 Spells                   Type           Power      Damage    Failure   Level
 Foxfire                  Conj/Fire      0%         2x1d4     99%         1
 Kiss of Death            Conj/Necr      0%         2d5       99%         1
 Magic Dart               Conj           0%         1d3       99%         1
 Sandblast                Erth           0%         2d4       99%         1
 Ensorcelled Hibernation  Hex/Ice        0%         N/A       100%        2
 Jinxbite                 Hex            0%         N/A       100%        2
 Passwall                 Tmut/Erth      0%         N/A       100%        2
 Poisonous Vapours        Pois/Air       0%         N/A       100%        2
 Frozen Ramparts          Ice            0%         1d1       100%        3
 Mephitic Cloud           Conj/Pois/Air  0%         N/A       100%        3
 Stone Arrow              Conj/Erth      0%         3d7       100%        3
 Anguish                  Hex/Necr       0%         N/A       100%        4
 Brom's Barrelling Bould  Conj/Erth      0%         2d3       100%        4
 Cause Fear               Hex            0%         N/A       100%        4
 Olgreb's Toxic Radiance  Pois           0%         N/A       100%        4
 Petrify                  Tmut/Erth      0%         N/A       100%        4
 Fireball                 Conj/Fire      0%         3d3       100%        5
 Freezing Cloud           Conj/Ice/Air   0%         6-21      100%        5
 Metabolic Englaciation   Hex/Ice        0%         N/A       100%        5
 Discord                  Hex            0%         N/A       100%        8
 Ignition                 Fire           0%         3d3       100%        8
 Dragon's Call            Summ           Unusable   N/A       N/A         9

Dungeon Overview and Level Annotations

Branches:
Dungeon (11/15)            Temple (0/1) D:5            Lair (4/5) D:11
 Shoals (0/4) Lair:2        Snake (0/4) Lair:3
  Slime: Lair:4-5       Orc: D:9-12

Altars:
Dithmenos
Fedhas
Hepliaklqana
Makhleb
Nemelex Xobeh
Okawaru
Ru
Trog
Uskayaw
Vehumet

Shops:
D:6 *

Annotations:
D:8 3 runed translucent doors, Xenophilius's ghost, journeyman OgBr
Lair:4 Kirke


Innate Abilities, Weirdness & Mutations

You regenerate a little health from kills.
When hurt, damage is shared between your health and your magic reserves.
You regenerate magic rapidly.
When low on magic, you restore magic in place of health.
You are mostly covered in razor-sharp scales. (AC +2, Slay +2)
Your touch may inflict minor irresistible damage on your foes.


Message History

The skyshark tail-slaps you but does no damage.
The skyshark tail-slaps you. Something hits you.
The cane toad closely misses you.
You hit the cane toad.
The cane toad is moderately wounded.
The hog bites you but does no damage. The skyshark completely misses you.
The skyshark tail-slaps you but does no damage.
The skyshark tail-slaps you. Something hits you but does no damage.
The cane toad stings you! The hog bites you.
You slash the cane toad!
The cane toad is severely wounded.
The cane toad stings you!
You are poisoned.
The cane toad poisons you! The skyshark bites you!!
* * * LOW HITPOINT WARNING * * *
The skyshark enters a blood-rage!
The skyshark tail-slaps you but does no damage.
The skyshark closely misses you. Something hits you!
* * * LOW HITPOINT WARNING * * *
The hog bites you but does no damage.
You feel much better.
You feel very sick. The skyshark barely misses you.
The skyshark tail-slaps you but does no damage.
The skyshark barely misses you. The cane toad stings you!
The hog bites you but does no damage. Something hits you!
* * * LOW HITPOINT WARNING * * *
Read: scroll of fear
Press: ? - help, Q - select action, (/) - cycle Dir - look around, f - activate Look: a cane toad (severely wounded, chance to affect: 97%)
As you read the scroll of fear, it crumbles to dust.
You assume a fearsome visage.
The hog looks frightened! x2; The cane toad looks frightened!
The skyshark is unaffected.
You feel very sick. The skyshark bites you!
* * * LOW HITPOINT WARNING * * *
The skyshark tail-slaps you but does no damage. x2
The skyshark bites you!
You die...

###P #####.#..
.....###.....#..
........................
............^...........
#.......................
....>...................
................†{F.....
................@†.h....
##............$..l......
##..........#...h..##.#.
.....#............##
.....#...........##
..†..............#
.................#
#....#....##.....#
#...........P..#..#


You could see a skyshark (berserk), a cane toad (fleeing) and 2 hogs.

Vanquished Creatures
  Harold (D:9)
  2 hydras (Lair:2)
  2 two-headed ogres
  A boulder beetle (D:11)
  An ugly thing (D:11)
  6 black mambas
  Joseph (D:9)
  A merfolk siren (Lair:2)
  6 cane toads
  Jeremiah (D:9)
  5 komodo dragons
  2 rime drakes (Lair:1)
  A troll (D:11)
  2 polar bears
  Grinder (D:4)
  4 blink frogs (Lair:3)
  Prince Ribbit (D:8)
  Sigmund (D:6)
  2 shadows
  2 vampires
  2 hogs (Lair:4)
  5 wyverns
  2 wraiths
  2 basilisks
  30 yaks
  9 vampire mosquitoes
  Menkaure (D:6)
  An acid dragon (D:11)
  6 water moccasins
  A sky beast (D:7)
  2 black bears
  An ice beast (D:3)
  An orc warrior (D:11)
  An ogre (D:7)
  5 centaurs
  4 phantoms
  3 kobold brigands
  8 bullfrogs
  A gnoll sergeant (D:6)
  4 scorpions
  3 wights (D:10)
  3 killer bees (D:11)
  2 electric eels (D:7)
  6 orc priests
  3 hounds
  2 gnoll boudas (D:7)
  Ijyb (D:5)
  12 orc wizards
  3 iguanas (D:6)
  13 gnolls
  6 adders
  A shadow imp (D:8)
  An ufetubus (D:5)
  A dart slug (D:4)
  27 orcs
  4 endoplasms
  2 giant cockroaches (D:2)
  6 goblins
  4 hobgoblins
  2 jackals (D:4)
  23 kobolds
  4 quokkas
  5 ball pythons
  8 bats
  2 frilled lizards (D:1)
  3 rats
279 creatures vanquished.

Notes
Turn   | Place    | Note
-------+----------+-------------------------------------------
     0 | D:1      | Maratek the Demonspawn Fighter began the quest for the Orb.
     0 | D:1      | Reached XP level 1. HP: 18/18 MP: 1/1
   138 | D:1      | Gained mutation: You are partially covered in razor-sharp
                  | scales. (AC +1, Slay +1) [demonic ancestry]
   138 | D:1      | Reached XP level 2. HP: 20/24 MP: 2/2
   790 | D:2      | Identified the +0 robe "Oremescha" {rPois}
  1180 | D:2      | Reached XP level 3. HP: 29/29 MP: 3/3
  1303 | D:2      | Identified the +8 dagger of Roiggyroi {flame, rN+}
  1618 | D:3      | Gained mutation: You regenerate magic rapidly. [demonic
                  | ancestry]
  1618 | D:3      | Reached XP level 4. HP: 34/35 MP: 4/4
  1901 | D:3      | Noticed an ice beast
  1903 | D:3      | Found an iron altar of Okawaru.
  1921 | D:3      | Killed an ice beast
  1922 | D:3      | Gained mutation: When hurt, damage is shared between your
                  | health and your magic reserves. [demonic ancestry]
  1922 | D:3      | Reached XP level 5. HP: 11/41 MP: 5/5
  2293 | D:3      | Became a worshipper of Warmaster Okawaru
  2486 | D:4      | Found a transporter.
  2498 | D:4      | Reached skill level 1 in Short Blades
  2500 | D:4      | Found a transporter.
  2737 | D:4      | Found a sparkling altar of Nemelex Xobeh.
  2737 | D:4      | Found a blossoming altar of Fedhas.
  2738 | D:4      | Noticed Grinder
  2749 | D:4      | Paralysed by Grinder for 4 turns
  2754 | D:4      | Killed Grinder
  2755 | D:4      | Reached XP level 6. HP: 41/48 MP: 4/6
  2876 | D:4      | Reached * piety under Okawaru
  3244 | D:5      | Entered Level 5 of the Dungeon
  3277 | D:5      | Found a hazy altar of Hepliaklqana.
  3285 | D:5      | Found a staircase to the Ecumenical Temple.
  3315 | D:5      | Gained mutation: You regenerate a little health from kills.
                  | [demonic ancestry]
  3315 | D:5      | Reached XP level 7. HP: 30/53 MP: 5/7
  3338 | D:5      | Noticed Ijyb
  3387 | D:5      | Paralysed by Ijyb for 4 turns
  3418 | D:4      | Reached skill level 1 in Dodging
  3764 | D:5      | Paralysed by Ijyb for 4 turns
  3771 | D:5      | Killed Ijyb
  4316 | D:6      | Noticed Sigmund
  4326 | D:6      | Killed Sigmund
  4327 | D:6      | Gained mutation: Your touch may inflict minor irresistible
                  | damage on your foes. [demonic ancestry]
  4327 | D:6      | Reached XP level 8. HP: 53/60 MP: 8/8
  4414 | D:6      | Got a ragged book
  4599 | D:6      | Noticed Menkaure
  4605 | D:6      | Killed Menkaure
  4606 | D:6      | Reached skill level 5 in Short Blades
  4606 | D:6      | Reached skill level 5 in Armour
  4687 | D:6      | Found Etyic's Assorted Antiques.
  4737 | D:6      | Reached skill level 5 in Shields
  4880 | D:6      | Identified the +9 plate armour of the Fiddle {rF+ rC- Will+
                  | Regen+}
  4941 | D:6      | Reached ** piety under Okawaru
  5362 | D:7      | Reached skill level 1 in Stealth
  5503 | D:7      | Gained mutation: You are mostly covered in razor-sharp
                  | scales. (AC +2, Slay +2) [demonic ancestry]
  5503 | D:7      | Reached XP level 9. HP: 59/67 MP: 9/9
  5509 | D:7      | Reached skill level 1 in Evocations
  5684 | D:7      | Reached skill level 5 in Fighting
  6006 | D:6      | Bought an iridescent long sword for 272 gold pieces
  6006 | D:6      | Identified the +5 long sword "Grim Tooth" {venom, rPois rF+
                  | Str+3 Int-5} (You bought it in a shop on level 6 of the
                  | Dungeon)
  6382 | D:8      | Reached skill level 1 in Long Blades
  6384 | D:8      | Reached *** piety under Okawaru
  6393 | D:8      | Reached skill level 2 in Long Blades
  6559 | D:8      | Reached skill level 3 in Long Blades
  6751 | D:8      | Noticed Prince Ribbit
  6754 | D:8      | Killed Prince Ribbit
  6754 | D:8      | Reached **** piety under Okawaru
  6781 | D:8      | Found a runed translucent gate.
  6781 | D:8      | Found a runed translucent gate.
  6782 | D:8      | Found a runed translucent gate.
  6912 | D:8      | Noticed Xenophilius's ghost (journeyman OgBr)
  7274 | D:9      | Noticed Joseph
  7293 | D:9      | Killed Joseph
  7294 | D:9      | Reached skill level 4 in Long Blades
  7294 | D:9      | Reached XP level 10. HP: 58/76 MP: 7/10
  7623 | D:9      | Reached skill level 5 in Long Blades
  7674 | D:9      | Reached ***** piety under Okawaru
  7682 | D:9      | Reached skill level 6 in Long Blades
  7738 | D:9      | Noticed Jeremiah
  7740 | D:9      | Noticed a two-headed ogre
  7759 | D:9      | Killed a two-headed ogre
  7773 | D:9      | Killed Jeremiah
  7773 | D:9      | Received a gift from Okawaru
  7812 | D:9      | Found a hide-covered altar of Uskayaw.
  8074 | D:9      | Reached skill level 7 in Long Blades
  8123 | D:9      | Noticed Harold
  8139 | D:9      | Killed Harold
  8140 | D:9      | Reached XP level 11. HP: 76/84 MP: 9/11
  8212 | D:10     | Entered Level 10 of the Dungeon
  8280 | D:10     | Found a bloodstained altar of Trog.
  8280 | D:10     | Found a radiant altar of Vehumet.
  8281 | D:10     | Found a sacrificial altar of Ru.
  8348 | D:10     | Found a burning altar of Makhleb.
  8505 | D:10     | Found a shadowy altar of Dithmenos.
  8842 | D:10     | Reached skill level 8 in Long Blades
  9046 | D:11     | Received a gift from Okawaru
  9154 | D:11     | Noticed a cyan ugly thing
  9166 | D:11     | Killed a cyan ugly thing
  9204 | D:11     | Noticed a boulder beetle
  9216 | D:11     | Killed a boulder beetle
  9455 | D:11     | Noticed a two-headed ogre
  9464 | D:11     | Killed a two-headed ogre
  9464 | D:11     | Received a gift from Okawaru
  9465 | D:11     | Reached skill level 9 in Long Blades
  9575 | D:11     | Reached skill level 1 in Throwing
  9586 | D:11     | Reached ****** piety under Okawaru
  9594 | D:11     | Acquired a +2 pair of gloves of strength
  9594 | D:11     | Received a gift from Okawaru
  9603 | D:11     | Found a staircase to the Lair.
  9893 | D:11     | Acquired the +7 scimitar "Pomekyim" {freeze, rF++ rC+ rN+}
  9893 | D:11     | Received a gift from Okawaru
  9939 | Lair:1   | Entered Level 1 of the Lair of Beasts
 10134 | Lair:1   | Received a gift from Okawaru
 10484 | Lair:1   | Gained mutation: When low on magic, you restore magic in
                  | place of health. [demonic ancestry]
 10484 | Lair:1   | Reached XP level 12. HP: 95/95 MP: 12/12
 10783 | Lair:2   | Noticed an eight-headed hydra
 10792 | Lair:2   | Killed an eight-headed hydra
 10792 | Lair:2   | Received a gift from Okawaru
 10793 | Lair:2   | Reached skill level 10 in Long Blades
 10953 | Lair:2   | Noticed an eight-headed hydra
 11159 | Lair:2   | Identified the +0 orcbow "Gaanwueb" {drain, Int+4}
 11352 | Lair:2   | Killed a ten-headed hydra
 11468 | Lair:2   | Found a staircase to the Shoals.
 11740 | Lair:3   | Reached skill level 10 in Armour
 12057 | Lair:3   | Received a gift from Okawaru
 12080 | Lair:3   | Found a staircase to the Snake Pit.
 12600 | Lair:4   | Identified the +5 flail of Integrity {holy, Drain rPois
                  | rF++ Dex+2}
 12663 | Lair:4   | Reached skill level 10 in Fighting
 12696 | Lair:4   | Noticed Kirke
 12702 | Lair:4   | Reached skill level 11 in Long Blades
 12711 | Lair:4   | Slain by a skyshark

Illustrated notes

Levels and vault maps discovered:
D:1:      minmay_arrival_stone_box, layout_basic
D:2:      layout_basic
D:3:      layout_rooms, okawaru_trees_2
D:4:      gammafunk_wand_slinger, layout_layer_cave, fedhas_ov_isle_minmay,
          nemelex_xobeh_ov_fountains_minmay, uniq_grinder
D:5:      layout_cave_pools, lemuel_crystal_altar,
          minmay_temple_entry_statues_fountains, uniq_ijyb
D:6:      layout_loops_cross, zin_academy, serial_shops,
          nicolae_shop_tiny_waterfront, uniq_menkaure, uniq_sigmund
D:7:      layout_loops_corners, chequers_big_river, corexii_corridor_pit
D:8:      layout_basic, gammafunk_ghost_spectres, roderic_lattice_a,
          uniq_prince_ribbit1
D:9:      wad_pebble_path, layout_basic, mainiacjoe_overflow_small_starburst,
          uniq_harold, uniq_joseph, uniq_jeremiah
D:10:     layout_grid_maze, overflow_temple_1_default,
          chequers_temple_overflow_statue_of_worship,
          mainiacjoe_overflow_24_doors
D:11:     layout_irregular_city, david_lair_generic
Lair:1:   layout_regular_city, grunt_megastairs_2, serial_bayou_shore_b
Lair:2:   layout_loops_ring, elwin_shoals_entry_rooms, st_stairs_6,
          grunt_megastairs_5, infiniplex_staircase_pool_2
Lair:3:   layout_gridlike, dummy_snake_entry, serial_bayou_shore_a,
          infiniplex_staircase_pool, lemuel_fruit_fields
Lair:4:   layout_gridlike, minmay_lair_oklob_items, uniq_kirke

Skill      XL: |  1  2  3  4  5  6  7  8  9 10 11 12 |
---------------+-------------------------------------+-----
Axes           | 2 3 |  3.9
Armour         | 3 4 6 7 8 9 10 | 10.5
Shields        | 3 4 5 |  5.8
Short Blades   | 2 4 5 6 |  6.0
Dodging        | 1 2 |  2.9
Fighting       | 4 6 7 9 10 | 10.0
Stealth        | 1 |  1.4
Evocations     | 1 |  1.5
Long Blades    | 4 7 9 11 | 11.0
Throwing       | 1 3 |  3.3
Invocations    | |  0.2

Action                     |  1- 3 |  4- 6 |  7- 9 | 10-12 || total
---------------------------+-------+-------+-------+-------++-------
  Melee: War axe           |    78 |       |       |       ||    78
         Dagger            |    24 |    94 |   208 |    11 ||   337
         Long sword        |       |       |    89 |   519 ||   608
         Touch             |       |       |    21 |   111 ||   132
         Punch             |       |       |     1 |     5 ||     6
         Scimitar          |       |       |       |    11 ||    11
  Throw: Javelin           |       |       |       |    15 ||    15
         Throwing net      |       |       |       |     4 ||     4
         Dart              |       |       |       |     2 ||     2
         Boomerang         |       |       |       |    37 ||    37
 Invoke: Heroism           |       |       |     1 |       ||     1
         Receive Weapon    |       |       |       |     1 ||     1
         Receive Armour    |       |       |       |     1 ||     1
  Evoke: Wand              |       |       |     3 |       ||     3
    Use: Scroll            |       |     7 |     8 |    11 ||    26
         Potion            |       |       |     1 |     2 ||     3
 Armour: Scale mail        |    30 |       |       |       ||    30
         Plate armour      |    46 |   119 |   285 |   858 ||  1308
  Dodge: Dodged            |    37 |    21 |    80 |   279 ||   417
  Block: Buckler           |    21 |    24 |    57 |       ||   102

Table legend: (Time is in decaauts)
 A = Elapsed time spent in this place.
 B = Non-inter-level travel time spent in this place.
 C = Inter-level travel time spent in this place.
 D = Time resting spent in this place.
 E = Time spent auto-exploring this place.
 F = Levels seen in this place.
 G = Mean time per level.
                   A        B        C        D        E       F      G
               +--------+--------+--------+--------+--------+-----+--------+
         Total |  12696 |  12131 |    565 |   1216 |   8553 |  15 |  846.4 |
       Dungeon |   9951 |   9473 |    478 |    928 |   6618 |  11 |  904.6 |
          Lair |   2744 |   2657 |     87 |    288 |   1935 |   4 |  686.0 |
               +--------+--------+--------+--------+--------+-----+--------+

Top non-repeatable levels by time:
     D:4: 1272 daAuts
     D:8: 1007 daAuts
     D:7: 982 daAuts
     D:9: 950 daAuts
     D:6: 944 daAuts
    D:11: 898 daAuts
  Lair:2: 898 daAuts
  Lair:3: 896 daAuts
  Lair:1: 823 daAuts
    D:10: 817 daAuts
     D:3: 797 daAuts
     D:2: 790 daAuts
     D:1: 775 daAuts
     D:5: 715 daAuts
  Lair:4: 126 daAuts
